Match 46345069
Unlisted

Match 46345069
End
Engineer Squad
Construct Weapon Support Center
Selects Heavy Weapons
M1919 Machine Gun Team
Bazooka Squad
M1919 Machine Gun Team
Selects M2HB .50cal Heavy Machine Gun
M1919 Machine Gun Team
Infantry Support Center
M3 Armored Personnel Carrier
Construct Medical Station
Selects Assault Carriers
Engineer Squad
Selects Exchangeable Parts
M3 Assault Carrier
M3 Assault Carrier
Engineer Squad
Bazooka Squad
Improved M9 Bazooka Rockets
T.R. Olvadi
Spectre
Swan
~SOK-BarbaPeñaloza
0
0

Comments sign in to comment!

No comments posted yet!